[Event "Championnat de France Alpe d'Huez 2023 "]
[Site "ALPE D'HUEZ, France"]
[Date "2023.08.19"]
[Round "1.21"]
[White "DEGRAEVE, Jean-Marc"]
[Black "HOMBOURGER, Regis"]
[Result "1-0"]
[ECO "C50"]
[WhiteElo "2487"]
[BlackElo "1746"]
[PlyCount "85"]
[EventDate "2023.08.??"]
[TimeControl "1/40+30:0"]

1. e4 {3} e5 {8} 2. Nf3 {7} Nc6 {4} 3. Bc4 {12} Be7 {15} 4. O-O {29} Nf6 {5} 5.
d3 {3} O-O {18} 6. Nc3 {8} d6 {18} 7. a4 {6} Bg4 {26} 8. h3 {26} Bh5 {62} 9.
Nd5 {130} Nd4 {122} 10. g4 {211} Nxf3+ {363} 11. Qxf3 {45} Nxd5 {43} 12. Bxd5 {
43} c6 {151} 13. gxh5 {47} cxd5 {19} 14. exd5 {7} Bg5 {197} 15. Kh1 {201} Bxc1
{105} 16. Raxc1 {2} f5 {607} 17. Rg1 {30} Qh4 {141} 18. Qg3 {52} Qxg3 {245} 19.
Rxg3 {59} f4 {297} 20. Rg5 {28} Rac8 {29} 21. c4 {21} Rf6 {47} 22. b3 {263} f3
{524} 23. Kh2 {177} Rf4 {230} 24. Rcg1 {36} Rc7 {6} 25. R1g4 {36} Rcf7 {20} 26.
Kg3 {57} b6 {122} 27. b4 {239} Kf8 {79} 28. a5 {178} R4f5 {423} 29. h4 {341}
Rf4 {14} 30. axb6 {183} axb6 {4} 31. Rxf4 {441} Rxf4 {14} 32. Rg4 {2} Rf7 {395}
33. Re4 {107} Rc7 {84} 34. Kxf3 {88} b5 {26} 35. Ke3 {32} bxc4 {22} 36. dxc4 {
14} Kf7 {69} 37. f4 {24} exf4+ {31} 38. Rxf4+ {26} Ke7 {44} 39. Kd4 {15} Ra7 {
47} 40. Re4+ {18} Kd7 {48} 41. Rg4 {16} Ke8 {42} 42. Re4+ {39} Kd7 {15} 43. c5
{Ke8 [%emt 00:04:04] 10} 1-0

[Event "Championnat de France Alpe d'Huez 2023 "]
[Site "ALPE D'HUEZ, France"]
[Date "2023.08.19"]
[Round "1.22"]
[White "FURGONI, Jean-Luc"]
[Black "BRUNEAU, Laurent"]
[Result "1/2-1/2"]
[ECO "A52"]
[WhiteElo "1728"]
[BlackElo "2172"]
[PlyCount "188"]
[EventDate "2023.08.??"]
[TimeControl "1/40+30:0"]

1. d4 {2} Nf6 {9} 2. c4 {14} e5 {10} 3. dxe5 {12} Ng4 {12} 4. Bf4 {50} Nc6 {57}
5. a3 {149} Ngxe5 {102} 6. e3 {240} g6 {112} 7. Nc3 {213} Bg7 {8} 8. Bd3 {149}
d6 {422} 9. Nge2 {181} Be6 {131} 10. Nd4 {357} Nxd3+ {513} 11. Qxd3 {44} Ne5 {
15} 12. Qe4 {385} Bd7 {135} 13. c5 {372} O-O {752} 14. cxd6 {91} cxd6 {24} 15.
O-O {48} Re8 {150} 16. Qxb7 {152} Rb8 {103} 17. Qxa7 {349} Nc6 {58} 18. Nxc6 {
50} Bxc6 {4} 19. Qa6 {135} Rb6 {513} 20. Qe2 {466} Qa8 {19} 21. f3 {320} Qb7 {
27} 22. Rf2 {127} d5 {498} 23. Qd2 {341} Rd8 {7} 24. e4 {305} d4 {53} 25. Na2 {
81} Bd7 {290} 26. Nb4 {92} Be6 {8} 27. Rc1 {27} d3 {209} 28. Bc7 {135} Rbd6 {
241} 29. Bxd6 {111} Rxd6 {8} 30. Rff1 {235} h5 {144} 31. Nxd3 {90} Qb6+ {176}
32. Kh1 {15} Qd8 {8} 33. Rfd1 {126} Bb3 {11} 34. g3 {75} Bxd1 {402} 35. Rxd1 {
13} Qb6 {31} 36. Qc2 {245} Rc6 {176} 37. Qe2 {123} Qb3 {35} 38. Nb4 {75} Rc8 {
67} 39. Kg2 {28} Bf8 {83} 40. Nd5 {79} Rc2 {184} 41. Rd2 {11} Rc1 {16} 42. Qe3
{317} Qc4 {328} 43. Qd3 {401} Qxd3 {324} 44. Rxd3 {2} Rc2+ {6} 45. Kh3 {177}
Rxb2 {170} 46. Nf6+ {193} Kg7 {69} 47. e5 {50} Be7 {17} 48. Ne4 {146} g5 {106}
49. Rd7 {83} Kf8 {125} 50. Ra7 {39} Re2 {174} 51. g4 {129} h4 {152} 52. Ra8+ {
108} Kg7 {14} 53. Ra7 {39} Kf8 {338} 54. a4 {46} Re3 {280} 55. Kg2 {29} Re2+ {7
} 56. Kg1 {7} h3 {31} 57. Ra8+ {109} Kg7 {6} 58. Ra7 {85} Kf8 {313} 59. Ra8+ {
60} Kg7 {17} 60. Ra7 {36} Rg2+ {351} 61. Kh1 {132} Kf8 {58} 62. Ra8+ {27} Kg7 {
7} 63. Ra7 {76} Bd8 {55} 64. Rb7 {30} Ra2 {21} 65. Kg1 {20} Kf8 {56} 66. Rb8 {
118} Ke7 {88} 67. Nxg5 {92} Rg2+ {96} 68. Kh1 {59} Rf2 {14} 69. Nxh3 {39} Rxf3
{6} 70. Rb7+ {79} Ke8 {27} 71. Kg2 {100} Re3 {5} 72. Rb5 {92} Re4 {5} 73. Nf2 {
33} Rxa4 {8} 74. Kg3 {23} Kd7 {31} 75. Rd5+ {11} Ke7 {76} 76. h4 {20} Bc7 {32}
77. h5 {41} Ke6 {30} 78. Rd3 {116} Bxe5+ {9} 79. Kh3 {38} Kf6 {89} 80. Rf3+ {12
} Kg7 {36} 81. Nd3 {36} Bd6 {78} 82. g5 {37} Be7 {62} 83. Rg3 {42} Ra5 {49} 84.
h6+ {56} Kh7 {50} 85. Kh4 {45} f6 {39} 86. g6+ {57} Kxh6 {6} 87. g7 {20} Rh5+ {
38} 88. Kg4 {9} Rg5+ {17} 89. Kf3 {56} Rxg7 {39} 90. Rxg7 {3} Kxg7 {8} 91. Kg4
{10} Kg6 {60} 92. Nf4+ {13} Kf7 {7} 93. Kf5 {3} Ke8 {59} 94. Ke4 Bf8 {9}
1/2-1/2

[Event "Championnat de France Alpe d'Huez 2023 "]
[Site "ALPE D'HUEZ, France"]
[Date "2023.08.19"]
[Round "1.23"]
[White "FAYARD, Alain"]
[Black "HADAMARD, Olivier"]
[Result "1/2-1/2"]
[ECO "D17"]
[WhiteElo "2152"]
[BlackElo "1728"]
[PlyCount "154"]
[EventDate "2023.08.??"]
[TimeControl "1/40+30:0"]

1. d4 {5} d5 {8} 2. c4 {7} c6 {5} 3. Nf3 {42} Nf6 {13} 4. Nc3 {13} dxc4 {110}
5. a4 {45} Bf5 {25} 6. Ne5 {56} Nbd7 {71} 7. Nxc4 {9} e6 {10} 8. Bf4 {381} Nb6
{122} 9. e3 {86} Bb4 {485} 10. Nxb6 {337} axb6 {298} 11. Qb3 {105} Qe7 {144}
12. Be2 {224} O-O {202} 13. O-O {14} Bg6 {195} 14. Bg5 {335} Ba5 {386} 15. f4 {
525} Qb4 {399} 16. Qxb4 {676} Bxb4 {5} 17. Bxf6 {59} gxf6 {3} 18. Rfc1 {104}
Ra5 {457} 19. Kf2 {153} Rfa8 {192} 20. Bd1 {63} b5 {415} 21. b3 {148} bxa4 {97}
22. bxa4 {179} Kf8 {300} 23. Kf3 {149} b5 {437} 24. e4 {111} f5 {57} 25. Ke3 {
660} R5a6 {451} 26. e5 {77} Ke7 {24} 27. Rab1 {204} Bxc3 {357} 28. Rxc3 {3}
bxa4 {77} 29. Ra3 {65} R8a7 {43} 30. Rb4 {149} f6 {133} 31. Rbxa4 {124} Rxa4 {
14} 32. Rxa4 {1} Rxa4 {2} 33. Bxa4 {0} fxe5 {44} 34. dxe5 {166} Be8 {20} 35.
Kd3 {26} Kd7 {42} 36. Bb3 {19} Bf7 {94} 37. Kd4 {14} h5 {212} 38. g3 {127} Ke7
{140} 39. Kc5 {25} Be8 {28} 40. Ba4 {2} Bf7 {16} 41. Bxc6 {139} Bg6 {64} 42.
Kd4 {38} Kf8 {108} 43. Ke3 {22} Kg7 {49} 44. Kf2 {25} Kh6 {164} 45. Kg2 {33}
Bf7 {112} 46. Kh3 {7} Kg6 {45} 47. Kh4 {33} Kh6 {33} 48. Bd7 {347} Kg6 {14} 49.
Bb5 {208} Kh6 {9} 50. h3 {59} Bg6 {92} 51. Be2 {445} Be8 {106} 52. Bd1 {41} Bf7
{26} 53. g4 {114} hxg4 {87} 54. hxg4 {39} fxg4 {17} 55. Bxg4 {2} Bg8 {26} 56.
Bh5 {124} Bh7 {96} 57. Bg4 {118} Bg8 {17} 58. Kg3 {2} Kg6 {22} 59. Kf3 {15} Kf7
{71} 60. Bh5+ {16} Kg7 {33} 61. Ke4 {21} Bh7+ {60} 62. Kd4 {1} Kf8 {35} 63. Bf3
{26} Bf5 {49} 64. Be4 {63} Bg4 {11} 65. Ke3 {24} Kg7 {141} 66. Bd3 {48} Kf7 {61
} 67. Be2 {46} Bf5 {18} 68. Bh5+ {3} Ke7 {23} 69. Kf3 {5} Bc2 {45} 70. Kg3 {4}
Bh7 {22} 71. Kh4 {3} Bc2 {9} 72. Kg5 {2} Bd3 {61} 73. Kh6 {8} Bf5 {61} 74. Kg7
{10} Bh3 {52} 75. Bg6 {52} Bg4 {14} 76. Bc2 {16} Bh3 {29} 77. Kg6 {7} Bg4 {24}
1/2-1/2

[Event "Championnat de France Alpe d'Huez 2023 "]
[Site "ALPE D'HUEZ, France"]
[Date "2023.08.20"]
[Round "2.21"]
[White "BUREAU, Frederic"]
[Black "DEGRAEVE, Jean-Marc"]
[Result "0-1"]
[ECO "B04"]
[WhiteElo "1942"]
[BlackElo "2487"]
[PlyCount "102"]
[EventDate "2023.08.??"]
[TimeControl "1/40+30:0"]

1. e4 {3} Nf6 {54} 2. e5 {17} Nd5 {7} 3. d4 {18} d6 {5} 4. Nf3 {24} dxe5 {7} 5.
Nxe5 {18} c6 {7} 6. Be2 {25} Bf5 {10} 7. O-O {75} Nd7 {10} 8. Nf3 {150} e6 {14}
9. c4 {79} N5f6 {8} 10. Nh4 {79} Bxb1 {22} 11. Rxb1 {12} Bd6 {4} 12. g3 {311}
O-O {36} 13. b4 {480} a6 {77} 14. Be3 {406} b5 {149} 15. a4 {622} bxc4 {58} 16.
Bxc4 {122} Nb6 {8} 17. Qc2 {314} Nfd5 {402} 18. b5 {456} Nxc4 {100} 19. Qxc4 {
19} cxb5 {37} 20. axb5 {25} a5 {1184} 21. Rfc1 {288} Qd7 {147} 22. Nf3 {174}
Rfc8 {119} 23. Qd3 {102} Qb7 {14} 24. Ne5 {84} Rxc1+ {83} 25. Bxc1 {205} Bxe5 {
163} 26. dxe5 {30} Nb4 {3} 27. Qe2 {276} Rb8 {21} 28. Bd2 {322} Qxb5 {25} 29.
Qe4 {60} Rd8 {160} 30. Rb2 {204} h5 {1209} 31. h4 {342} Qc5 {274} 32. Kg2 {337}
Nd3 {244} 33. Be3 {24} Qxe5 {35} 34. Qxe5 {22} Nxe5 {3} 35. Rb5 {97} Rd5 {16}
36. Rb8+ {10} Kh7 {6} 37. Bf4 {168} Kg6 {179} 38. Ra8 {18} Nc4 {49} 39. Bc7 {22
} Rc5 {140} 40. Bd8 {33} f6 {32} 41. Ra7 {56} Rd5 {462} 42. Be7 {165} Ne5 {17}
43. Bf8 {22} Nd7 {15} 44. Be7 {36} Kf5 {80} 45. Bd8 {29} Ne5 {14} 46. Ra8 {801}
Rd2 {0} 47. Kf1 {195} Ke4 {210} 48. Bb6 {177} Kf3 {76} 49. Ke1 {83} Ra2 {153}
50. Rxa5 {106} Rxa5 {10} 51. Bxa5 {4} Nd3+ {6} 0-1

[Event "Championnat de France Alpe d'Huez 2023 "]
[Site "ALPE D'HUEZ, France"]
[Date "2023.08.20"]
[Round "2.23"]
[White "KELLER, Christophe"]
[Black "LABORDE, Stephane"]
[Result "1/2-1/2"]
[ECO "B01"]
[WhiteElo "1912"]
[BlackElo "2125"]
[PlyCount "107"]
[EventDate "2023.08.??"]
[TimeControl "1/40+30:0"]

1. e4 {6} d5 {1680} 2. exd5 {24} Qxd5 {33} 3. Nc3 {17} Qd6 {98} 4. d4 {0} Nf6 {
7} 5. Nf3 {33} a6 {30} 6. g3 {120} Bg4 {26} 7. Bg2 {17} Nc6 {15} 8. h3 {512}
Bxf3 {92} 9. Bxf3 {73} O-O-O {20} 10. d5 {721} Nb4 {93} 11. Bf4 {539} Qd7 {660}
12. Qd2 {1830} e5 {497} 13. Bg5 {208} Qf5 {40} 14. Bg4 {13} Nxg4 {28} 15. hxg4
{10} Qf3 {71} 16. O-O {284} f6 {893} 17. Be3 {215} h5 {492} 18. g5 {43} Nxd5 {
60} 19. Rad1 {104} Bb4 {54} 20. Qe2 {168} Qxe2 {10} 21. Nxe2 {2} Nxe3 {44} 22.
fxe3 {95} Rxd1 {66} 23. Rxd1 {1} Rd8 {80} 24. Rxd8+ {50} Kxd8 {2} 25. gxf6 {5}
gxf6 {4} 26. e4 {6} Kd7 {14} 27. Kg2 {16} Ke6 {69} 28. Kh3 {66} f5 {31} 29. Kh4
{6} fxe4 {9} 30. Kxh5 {5} Bd2 {113} 31. Kg6 {139} b5 {36} 32. g4 {174} c5 {29}
33. g5 {349} c4 {95} 34. Ng3 {31} e3 {236} 35. Ne2 {43} Ba5 {53} 36. Kh7 {313}
Bd8 {26} 37. g6 {4} Bf6 {5} 38. g7 {47} Bxg7 {4} 39. Kxg7 {4} Kf5 {3} 40. b3 {
155} Ke4 {139} 41. bxc4 {61} bxc4 {3} 42. Ng1 {173} Kd4 {418} 43. Ne2+ {5} Ke4
{58} 44. Ng1 {4} e2 {169} 45. Nxe2 {34} Ke3 {5} 46. Ng3 {153} Kd2 {227} 47. Kf6
{7} Kxc2 {10} 48. Kxe5 {3} Kb2 {109} 49. Ne2 {68} Kxa2 {23} 50. Kd4 {12} Kb3 {
40} 51. Nc1+ {4} Kb2 {47} 52. Kxc4 {6} a5 {28} 53. Kb5 {5} Kxc1 {4} 54. Kxa5 {2
} 1/2-1/2

[Event "Championnat de France Alpe d'Huez 2023 "]
[Site "ALPE D'HUEZ, France"]
[Date "2023.08.20"]
[Round "2.24"]
[White "SONNET, Jean-Pierre"]
[Black "KIBLEUR, Christophe"]
[Result "1-0"]
[ECO "A08"]
[WhiteElo "2113"]
[BlackElo "1893"]
[PlyCount "33"]
[EventDate "2023.08.??"]
[TimeControl "1/40+30:0"]

1. Nf3 {4} d5 {17} 2. g3 {11} c5 {42} 3. Bg2 {7} Nc6 {25} 4. O-O {8} e5 {22} 5.
d3 {6} Be7 {62} 6. Nbd2 {13} h5 {47} 7. e4 {45} d4 {60} 8. Nc4 {24} Qc7 {56} 9.
a4 {541} h4 {156} 10. c3 {104} hxg3 {123} 11. fxg3 {21} Bg4 {250} 12. Rf2 {385}
Bf6 {464} 13. Qf1 {89} Qd7 {640} 14. cxd4 {284} Bxf3 {240} 15. Bxf3 {28} Nxd4 {
24} 16. Bd1 {33} Nh6 {70} 17. Rxf6 {190} 1-0

[Event "Championnat de France Alpe d'Huez 2023 "]
[Site "ALPE D'HUEZ, France"]
[Date "2023.08.21"]
[Round "3.21"]
[White "DEGRAEVE, Jean-Marc"]
[Black "BISLIMI, Agron"]
[Result "1-0"]
[ECO "C53"]
[WhiteElo "2487"]
[BlackElo "1970"]
[PlyCount "105"]
[EventDate "2023.08.??"]
[TimeControl "1/40+30:0"]

1. e4 {3} e5 {5} 2. Nf3 {6} Nc6 {3} 3. Bc4 {7} Bc5 {6} 4. c3 {19} d6 {8} 5. d3
{181} h6 {8} 6. Nbd2 {111} Nf6 {7} 7. Nf1 {43} a6 {56} 8. Bb3 {13} O-O {41} 9.
Ng3 {16} Be6 {29} 10. O-O {44} Ne7 {360} 11. d4 {126} Bxb3 {81} 12. Qxb3 {418}
exd4 {18} 13. cxd4 {3} Bb6 {10} 14. Re1 {216} Nc6 {727} 15. Qd3 {20} Re8 {87}
16. Be3 {267} a5 {150} 17. Rad1 {296} a4 {251} 18. a3 {6} Qd7 {141} 19. d5 {176
} Ne5 {306} 20. Nxe5 {9} dxe5 {5} 21. Bxb6 {8} cxb6 {6} 22. Qe3 {721} b5 {251}
23. Rc1 {92} Rac8 {51} 24. Rc3 {115} Rc4 {38} 25. Rxc4 {513} bxc4 {26} 26. Nf5
{387} Kh7 {14} 27. Qf3 {136} b5 {223} 28. h3 {20} Qd8 {23} 29. Ne3 {87} g6 {41}
30. Ng4 {326} Kg7 {99} 31. Nxf6 {56} Qxf6 {15} 32. Qc3 {5} Qd6 {36} 33. g4 {134
} g5 {107} 34. Kg2 {25} Rh8 {54} 35. Re3 {201} f6 {117} 36. Rg3 {61} Qc5 {103}
37. Rd3 {444} Rd8 {77} 38. Rd1 {30} Rd6 {32} 39. h4 {69} Qc8 {89} 40. Qg3 {74}
Qc5 {49} 41. hxg5 {14} hxg5 {119} 42. Qh3 {16} Qc8 {151} 43. Rh1 {43} Qg8 {13}
44. Qh6+ {18} Kf7 {6} 45. Qh7+ {18} Qxh7 {820} 46. Rxh7+ {3} Ke8 {10} 47. Rb7 {
7} Rd7 {20} 48. Rxb5 {10} Rc7 {19} 49. Rb4 {25} Kd7 {17} 50. Rxa4 {9} Kd6 {4}
51. Kf3 {292} Kc5 {11} 52. Ke3 {9} Rb7 {16} 53. Rb4 {Kxd5 [%emt 00:00:38] 7}
1-0

[Event "Championnat de France Alpe d'Huez 2023 "]
[Site "ALPE D'HUEZ, France"]
[Date "2023.08.21"]
[Round "3.22"]
[White "BLANCHARD, Samuel"]
[Black "SONNET, Jean-Pierre"]
[Result "0-1"]
[ECO "B53"]
[WhiteElo "1859"]
[BlackElo "2113"]
[PlyCount "82"]
[EventDate "2023.08.??"]
[TimeControl "1/40+30:0"]

1. e4 {12} c5 {92} 2. Nf3 {14} Nf6 {36} 3. Nc3 {102} d6 {14} 4. d4 {29} cxd4 {7
} 5. Qxd4 {38} Nc6 {47} 6. Bb5 {100} Bd7 {13} 7. Bxc6 {76} Bxc6 {21} 8. Bg5 {
102} e6 {60} 9. O-O-O {56} Be7 {59} 10. Qd3 {118} Qa5 {407} 11. Kb1 {162} O-O {
76} 12. h4 {129} Rfd8 {200} 13. Nd4 {297} Be8 {102} 14. f4 {439} Rab8 {784} 15.
g4 {654} b5 {88} 16. h5 {1227} b4 {145} 17. Nce2 {27} Qc7 {793} 18. Bxf6 {609}
Bxf6 {143} 19. g5 {10} Bxd4 {47} 20. Nxd4 {32} e5 {485} 21. Nf5 {142} Bb5 {49}
22. Qg3 {335} d5 {254} 23. fxe5 {208} dxe4 {242} 24. Nd6 {94} Be2 {89} 25. Rde1
{444} Bf3 {10} 26. Rh2 {20} Qa5 {467} 27. g6 {141} fxg6 {143} 28. hxg6 {31} h6
{9} 29. b3 {408} Rb6 {118} 30. Nc4 {47} Qa6 {151} 31. Qh4 {95} Rbb8 {106} 32.
Qe7 {14} Qxg6 {37} 33. Qxa7 {22} Ra8 {51} 34. Qb7 {79} Qg3 {36} 35. Rhh1 {71}
Bxh1 {44} 36. Rxh1 {0} Qf3 {116} 37. Re1 {77} Rd1+ {9} 38. Rxd1 {6} Qxd1+ {8}
39. Kb2 {5} Qd4+ {6} 40. Kc1 {97} Rf8 {103} 41. Nd2 {70} e3 {70} 0-1

[Event "Championnat de France Alpe d'Huez 2023 "]
[Site "ALPE D'HUEZ, France"]
[Date "2023.08.21"]
[Round "3.23"]
[White "QUILLIEN, Emmanuel"]
[Black "ORIOT, Patrice"]
[Result "1-0"]
[ECO "A80"]
[WhiteElo "2096"]
[BlackElo "1966"]
[PlyCount "139"]
[EventDate "2023.08.??"]
[TimeControl "1/40+30:0"]

1. d4 {46} e6 {25} 2. Nf3 {28} f5 {46} 3. e3 {70} Nf6 {10} 4. Bd3 {8} Be7 {54}
5. O-O {32} b6 {60} 6. c4 {11} Bb7 {14} 7. Nc3 {6} O-O {17} 8. b3 {26} Qe8 {447
} 9. Bb2 {69} Ne4 {223} 10. Nd2 {467} Nxc3 {441} 11. Bxc3 {10} Qg6 {6} 12. f3 {
44} Qg5 {86} 13. Qe2 {130} d6 {79} 14. f4 {305} Qg6 {292} 15. e4 {425} Nd7 {36}
16. Rae1 {792} Rae8 {441} 17. g3 {572} Bd8 {125} 18. Qd1 {686} h5 {523} 19. Qc2
{653} Re7 {54} 20. Nf3 {89} Ref7 {251} 21. d5 {200} exd5 {286} 22. exd5 {177}
Nc5 {226} 23. Nd4 {91} Nxd3 {411} 24. Qxd3 {11} Bc8 {308} 25. Re3 {95} Re7 {533
} 26. Rxe7 {208} Bxe7 {7} 27. Nc6 {49} Bf6 {386} 28. Nxa7 {140} h4 {150} 29.
Nxc8 {113} Rxc8 {26} 30. Re1 {10} Bxc3 {181} 31. Qxc3 {7} Re8 {28} 32. a4 {130}
h3 {69} 33. Kf2 {300} Re4 {197} 34. Rxe4 {129} fxe4 {2} 35. Qd4 {15} e3+ {132}
36. Qxe3 {152} Qc2+ {14} 37. Kf3 {84} Qxh2 {48} 38. Qe8+ {8} Kh7 {4} 39. Qh5+ {
77} Kg8 {2} 40. Qe8+ {11} Kh7 {3} 41. Kg4 {147} g6 {769} 42. Qe7+ {29} Kg8 {7}
43. Kh4 {961} Qh1 {300} 44. Qe6+ {119} Kg7 {41} 45. Qxh3 {75} Qe4 {189} 46. Qf1
{219} Qf5 {126} 47. g4 {39} g5+ {22} 48. Kg3 {42} Qf6 {170} 49. Qf3 {33} gxf4+
{26} 50. Qxf4 {7} Qc3+ {8} 51. Kh4 {125} Qe1+ {59} 52. Kg5 {80} Qe7+ {19} 53.
Kh5 {11} Qe8+ {11} 54. Kh4 {21} Qe1+ {7} 55. Qg3 {139} Qh1+ {47} 56. Kg5 {97}
Qh6+ {355} 57. Kf5 {6} Qg6+ {50} 58. Kf4 {9} Qf6+ {24} 59. Ke4 {27} Qg6+ {63}
60. Kd4 {36} Qf6+ {34} 61. Kd3 {20} Qb2 {62} 62. Ke4 {47} Qe2+ {50} 63. Kf5 {96
} Qc2+ {61} 64. Ke6 {48} Qg6+ {124} 65. Kd7 {22} Qf7+ {33} 66. Kc6 {38} Qe8+ {
52} 67. Kb7 {57} Qe5 {134} 68. Qf3 {41} c5 {112} 69. Qf5 {25} Qe7+ {15} 70. Kc6
{25} 1-0

[Event "Championnat de France Alpe d'Huez 2023 "]
[Site "ALPE D'HUEZ, France"]
[Date "2023.08.21"]
[Round "3.24"]
[White "COSTE , Thierry"]
[Black "MEZOUAGHI, Miloud"]
[Result "1-0"]
[ECO "B94"]
[WhiteElo "2024"]
[BlackElo "1936"]
[PlyCount "121"]
[EventDate "2023.08.??"]
[TimeControl "1/40+30:0"]

1. e4 {5} c5 {380} 2. Nf3 {9} d6 {4} 3. d4 {6} cxd4 {4} 4. Nxd4 {6} Nf6 {6} 5.
Nc3 {5} a6 {3} 6. Bg5 {30} Nbd7 {19} 7. f4 {38} Qc7 {70} 8. Qf3 {93} h6 {21} 9.
Bxf6 {37} Nxf6 {27} 10. f5 {79} b5 {607} 11. O-O-O {272} g5 {114} 12. Bxb5+ {
1017} axb5 {178} 13. Ndxb5 {28} Qb8 {418} 14. e5 {97} Bb7 {433} 15. Qe2 {156}
dxe5 {631} 16. Qc4 {250} Bg7 {35} 17. Nc7+ {30} Kf8 {26} 18. Nxa8 {67} Bxa8 {69
} 19. Rd2 {127} Ne8 {376} 20. Rhd1 {97} Nd6 {195} 21. Qc5 {58} Bf6 {217} 22.
Nb5 {342} Qxb5 {61} 23. Qxb5 {8} Nxb5 {8} 24. Rd8+ {4} Kg7 {63} 25. Rxh8 {9}
Kxh8 {1} 26. Rd8+ {9} Kg7 {5} 27. Rxa8 {7} e4 {47} 28. c3 {117} g4 {32} 29. a4
{33} Nd6 {20} 30. a5 {52} Bg5+ {24} 31. Kd1 {16} Nxf5 {26} 32. Ke2 {48} g3 {104
} 33. hxg3 {46} Nxg3+ {15} 34. Ke1 {45} Nh5 {165} 35. a6 {56} Nf4 {29} 36. g3 {
81} Nd3+ {0} 37. Ke2 {7} Nc1+ {931} 38. Ke1 {549} Kf6 {917} 39. Rd8 {96} Be3 {
23} 40. Rd4 {130} e5 {155} 41. a7 {43} exd4 {76} 42. cxd4 {72} Bxd4 {36} 43.
a8=Q {13} Nd3+ {40} 44. Kf1 {20} Nxb2 {375} 45. Qh8+ {14} Kf5 {19} 46. Qxd4 {11
} Nd3 {20} 47. Qd5+ {131} Ne5 {11} 48. Ke2 {15} h5 {20} 49. Ke3 {50} Kf6 {7}
50. Kxe4 {18} Ng6 {27} 51. Qxh5 {36} Kg7 {59} 52. g4 {42} Kf6 {27} 53. Qh6 {65}
Ke7 {55} 54. g5 {23} Ke8 {43} 55. Qg7 {139} Ke7 {23} 56. Qf6+ {14} Ke8 {10} 57.
Kf5 {212} Ne7+ {10} 58. Kg4 {11} Ng6 {117} 59. Kh5 {10} Kf8 {147} 60. Kh6 {63}
Ne7 {50} 61. Qh8+ {18} 1-0

[Event "Championnat de France Alpe d'Huez 2023 "]
[Site "ALPE D'HUEZ, France"]
[Date "2023.08.22"]
[Round "4.21"]
[White "QUILLIEN, Emmanuel"]
[Black "DEGRAEVE, Jean-Marc"]
[Result "0-1"]
[ECO "A20"]
[WhiteElo "2096"]
[BlackElo "2487"]
[PlyCount "74"]
[EventDate "2023.08.??"]
[TimeControl "1/40+30:0"]

1. c4 {5} e5 {27} 2. e3 {260} g6 {103} 3. Nc3 {480} Bg7 {53} 4. Nf3 {33} f5 {50
} 5. d4 {241} e4 {50} 6. Ng1 {11} d6 {260} 7. Nge2 {245} c5 {95} 8. dxc5 {698}
dxc5 {7} 9. Qxd8+ {11} Kxd8 {3} 10. Bd2 {31} Nf6 {594} 11. O-O-O {252} Nc6 {93}
12. Nf4 {389} Ke7 {264} 13. Ncd5+ {317} Kf7 {138} 14. Bc3 {702} Ne8 {142} 15.
Be2 {80} Bxc3 {195} 16. Nxc3 {118} Nf6 {112} 17. Ncd5 {295} Rd8 {200} 18. Nxf6
{263} Kxf6 {20} 19. Rxd8 {168} Nxd8 {1} 20. Rd1 {39} Be6 {210} 21. h4 {316} Ke7
{108} 22. Kc2 {121} Nc6 {87} 23. Kc3 {176} Rd8 {27} 24. Rxd8 {421} Nxd8 {5} 25.
Nxe6 {41} Nxe6 {74} 26. f4 {39} exf3 {70} 27. Bxf3 {54} b6 {8} 28. g3 {101} Kd6
{13} 29. Kd3 {28} Ke5 {58} 30. Bd5 {38} Ng7 {67} 31. Bf3 {165} Ne8 {38} 32. Bc6
{123} Nf6 {6} 33. Ke2 {24} Ne4 {71} 34. Bxe4 {107} Kxe4 {53} 35. b3 {7} a5 {31}
36. Kf2 {55} a4 {26} 37. Ke2 {45} a3 {11} 0-1

[Event "Championnat de France Alpe d'Huez 2023 "]
[Site "ALPE D'HUEZ, France"]
[Date "2023.08.22"]
[Round "4.22"]
[White "SONNET, Jean-Pierre"]
[Black "COSTE, Thierry"]
[Result "1/2-1/2"]
[ECO "B25"]
[WhiteElo "2113"]
[BlackElo "2024"]
[PlyCount "58"]
[EventDate "2023.08.??"]
[TimeControl "1/40+30:0"]

1. Nf3 {24} c5 {63} 2. g3 {14} Nc6 {31} 3. Bg2 {7} g6 {17} 4. O-O {9} Bg7 {6}
5. d3 {12} d6 {42} 6. e4 {11} e5 {41} 7. Nc3 {62} Nge7 {12} 8. Nd2 {363} O-O {
28} 9. Nc4 {16} Be6 {478} 10. Ne3 {34} f5 {206} 11. f4 {45} exf4 {29} 12. gxf4
{15} Qd7 {207} 13. Ncd5 {168} Rae8 {409} 14. c3 {69} b5 {166} 15. Bd2 {207} c4
{262} 16. a4 {894} a6 {612} 17. axb5 {15} axb5 {5} 18. dxc4 {240} fxe4 {175}
19. Bxe4 {161} bxc4 {80} 20. Bg2 {396} Rb8 {364} 21. Bc1 {100} Rb5 {308} 22.
Ra6 {356} Nxd5 {341} 23. Nxd5 {217} Bd4+ {761} 24. Ne3 {457} Bb6 {173} 25. Kh1
{337} Nb8 {215} 26. Ra8 {95} Bh3 {116} 27. Qf3 {305} Bxg2+ {132} 28. Qxg2 {39}
Bxe3 {25} 29. Bxe3 {8} Qc6 {45} 1/2-1/2

[Event "Championnat de France Alpe d'Huez 2023 "]
[Site "ALPE D'HUEZ, France"]
[Date "2023.08.22"]
[Round "4.23"]
[White "FAYARD, Alain"]
[Black "BOULET, Philippe"]
[Result "1-0"]
[ECO "A80"]
[WhiteElo "2152"]
[BlackElo "1998"]
[PlyCount "55"]
[EventDate "2023.08.??"]
[TimeControl "1/40+30:0"]

1. d4 {3} e6 {8} 2. Nf3 {19} f5 {11} 3. g3 {33} Nf6 {13} 4. Bg2 {6} d5 {31} 5.
O-O {11} Bd6 {10} 6. b3 {107} Qe7 {0} 7. Bb2 {29} O-O {36} 8. c4 {64} c6 {6} 9.
Nbd2 {66} Ne4 {157} 10. Ne5 {115} Nd7 {114} 11. Ndf3 {26} g5 {118} 12. Ne1 {806
} Qg7 {992} 13. N1d3 {117} g4 {191} 14. Qc1 {439} Rf6 {446} 15. Qe3 {229} Rh6 {
135} 16. Bc1 {47} Rf6 {911} 17. f3 {35} f4 {25} 18. Nxf4 {471} gxf3 {224} 19.
exf3 {185} Rxf4 {163} 20. gxf4 {88} Nef6 {206} 21. Nxc6 {228} Nf8 {31} 22. Ne5
{16} dxc4 {30} 23. bxc4 {26} b6 {19} 24. Kh1 {146} Bb7 {106} 25. Bb2 {333} Bxe5
{212} 26. Qxe5 {158} Qd7 {43} 27. Qxf6 {19} Qg7 {11} 28. Qe5 {7} 1-0

[Event "Championnat de France Alpe d'Huez 2023 "]
[Site "ALPE D'HUEZ, France"]
[Date "2023.08.22"]
[Round "4.24"]
[White "BRUNEAU, Laurent"]
[Black "GIRAUD, Thierry"]
[Result "1/2-1/2"]
[ECO "D05"]
[WhiteElo "2172"]
[BlackElo "1966"]
[PlyCount "75"]
[EventDate "2023.08.??"]
[TimeControl "1/40+30:0"]

1. d4 {6} e6 {38} 2. Nf3 {11} d5 {18} 3. e3 {10} Nf6 {10} 4. Bd3 {104} c5 {13}
5. b3 {13} Nc6 {10} 6. Bb2 {14} cxd4 {104} 7. exd4 {7} Qb6 {164} 8. O-O {29}
Bd6 {36} 9. Nbd2 {27} Bd7 {111} 10. c4 {269} Qd8 {48} 11. Ne5 {97} Qe7 {110}
12. f4 {139} Ba3 {20} 13. Bxa3 {97} Qxa3 {8} 14. Nxd7 {130} Kxd7 {56} 15. Nf3 {
66} Raf8 {145} 16. Rc1 {240} Rc8 {192} 17. f5 {208} Rhf8 {293} 18. Ne5+ {636}
Kc7 {117} 19. Qd2 {292} Kb8 {325} 20. fxe6 {730} fxe6 {23} 21. cxd5 {41} exd5 {
15} 22. Bf5 {264} Rc7 {28} 23. Qf4 {122} Qd6 {303} 24. Nxc6+ {1259} Rxc6 {11}
25. Qxd6+ {52} Rxd6 {11} 26. Rfe1 {1} g6 {77} 27. Bd3 {21} Rc8 {504} 28. Rxc8+
{34} Kxc8 {7} 29. Re7 {14} Rd7 {35} 30. Re6 {10} Rf7 {49} 31. Be2 {454} Kd7 {41
} 32. Re5 {21} Kd6 {19} 33. Bf3 {16} Rc7 {45} 34. Kf2 {69} Rc2+ {145} 35. Re2 {
7} Rc3 {15} 36. Re3 {64} Rc2+ {9} 37. Re2 {11} Rc3 {5} 38. Re3 {5} 1/2-1/2